[ AOE2 MATCH · #508035507 ]
UnrankedLithuanians vs Teutons
Player's team · LOSS
Rival team · WIN
[ REPLAY ANALYSIS · EXTRACTED FROM THE RECORDED GAME ]
Feudal
10:38
Castle
23:54
Imperial
—
| APM avg | 43.0 |
| APM peak | 85 |
| eAPM avg | 17.7 |
| Villagers / military | 59 / 41 |
Focus
⚔️ 39.2% · 🌾 60.8%
Skirmisher ×15 · Knight ×11 · Archer ×7 · Monk ×5 · Militia ×3
Feudal
8:53
Castle
20:02
Imperial
—
| APM avg | 62.6 |
| APM peak | 110 |
| eAPM avg | 22.3 |
| Villagers / military | 83 / 28 |
Focus
⚔️ 25.8% · 🌾 74.2%
Knight ×13 · Skirmisher ×12 · Monk ×2 · Scout Cavalry ×1
Match map
Initial resources + every placement click. Lines = walls · curves = elevation contours. ◆ gold · ⬟ stone · ● berries · ✦ relic · ◌ wall gap
Your base· ✓ Closed at 23:54 · 48t walls · 1 gate(s)
AoE2 ANGEL's base· Open — unwalled flank
Smoothed initial terrain · ◌ = detected wall gap · hover for details
Inputs per minute
— Wölman - - AoE2 ANGEL
Build order — Wölman
First 150 of 188 actions detected
| 0:00 | Queue | Villager (Male) |
| 0:01 | Queue | Villager (Male) |
| 0:02 | Build | House |
| 0:03 | Build | House |
| 0:09 | Queue | Villager (Male) |
| 0:09 | Queue | Villager (Male) |
| 0:09 | Queue | Villager (Male) |
| 0:09 | Queue | Villager (Male) |
| 1:29 | Queue | Villager (Male) |
| 1:53 | Queue | Villager (Male) |
| 2:28 | Queue | Villager (Male) |
| 2:41 | Build | Barracks |
| 3:04 | Queue | Villager (Male) |
| 3:15 | Queue | Villager (Male) |
| 3:22 | Build | Palisade Wall |
| 3:33 | Build | House |
| 3:44 | Queue | Villager (Male) |
| 4:11 | Queue | Villager (Male) |
| 4:16 | Build | Palisade Wall |
| 4:30 | Queue | Militia |
| 4:34 | Queue | Villager (Male) |
| 4:50 | Build | House |
| 4:52 | Build | Palisade Wall |
| 4:57 | Queue | Militia |
| 5:26 | Queue | Militia |
| 5:26 | Queue | Villager (Male) |
| 5:48 | Build | House |
| 5:50 | Build | Palisade Wall |
| 6:02 | Queue | Villager (Male) |
| 6:20 | Queue | Villager (Male) |
| 7:00 | Queue | Villager (Male) |
| 7:04 | Build | Lumber Camp |
| 7:32 | Queue | Villager (Male) |
| 7:59 | Research | Loom |
| 8:11 | Build | Mill |
| 8:28 | Research | Feudal Age |
| 9:02 | Build | Mining Camp |
| 9:44 | Queue | Villager (Male) |
| 10:38 | Age | Feudal Age |
| 10:43 | Build | Archery Range |
| 10:44 | Research | Man-at-Arms (upgrade) |
| 10:45 | Research | Double-Bit Axe |
| 10:50 | Build | Palisade Wall |
| 11:01 | Queue | Villager (Male) |
| 11:15 | Build | Farm |
| 11:15 | Build | Farm |
| 11:16 | Build | Farm |
| 11:18 | Build | Farm |
| 11:22 | Queue | Villager (Male) |
| 11:26 | Build | Palisade Wall |
| 11:49 | Queue | Archer |
| 11:53 | Queue | Villager (Male) |
| 11:57 | Build | Mill |
| 12:18 | Build | House |
| 12:28 | Queue | Villager (Male) |
| 12:35 | Queue | Skirmisher |
| 12:41 | Build | House |
| 12:42 | Build | Palisade Wall |
| 12:47 | Queue | Skirmisher |
| 12:51 | Build | Palisade Wall |
| 12:57 | Queue | Villager (Male) |
| 13:07 | Queue | Archer |
| 13:08 | Queue | Villager (Male) |
| 13:20 | Queue | Skirmisher |
| 13:30 | Queue | Archer |
| 13:37 | Build | House |
| 13:48 | Queue | Villager (Male) |
| 13:52 | Build | House |
| 13:57 | Build | Palisade Wall |
| 13:58 | Queue | Villager (Male) |
| 14:01 | Build | House |
| 14:06 | Queue | Skirmisher |
| 14:14 | Queue | Skirmisher |
| 14:20 | Queue | Villager (Male) |
| 14:25 | Build | Palisade Gate |
| 14:30 | Build | Palisade Wall |
| 14:37 | Build | House |
| 14:39 | Build | Palisade Wall |
| 14:50 | Build | Blacksmith |
| 15:02 | Queue | Villager (Male) |
| 15:12 | Build | House |
| 15:17 | Build | Palisade Wall |
| 15:23 | Queue | Villager (Male) |
| 15:24 | Queue | Skirmisher |
| 15:24 | Queue | Archer |
| 15:39 | Queue | Skirmisher |
| 15:47 | Queue | Villager (Male) |
| 15:53 | Research | Fletching |
| 16:08 | Queue | Villager (Male) |
| 16:15 | Build | House |
| 16:31 | Queue | Archer |
| 16:32 | Queue | Skirmisher |
| 16:35 | Research | Padded Archer Armor |
| 16:43 | Queue | Villager (Male) |
| 16:44 | Research | Wheelbarrow |
| 16:48 | Build | Farm |
| 16:49 | Build | Farm |
| 16:50 | Build | Farm |
| 16:50 | Build | Farm |
| 17:09 | Build | Farm |
| 17:13 | Queue | Villager (Male) |
| 17:21 | Queue | Skirmisher |
| 17:21 | Queue | Skirmisher |
| 17:39 | Queue | Villager (Male) |
| 17:46 | Build | Lumber Camp |
| 17:50 | Research | Horse Collar |
| 17:55 | Build | Farm |
| 18:15 | Build | Farm |
| 18:18 | Build | Farm |
| 18:18 | Queue | Villager (Male) |
| 18:23 | Queue | Skirmisher |
| 18:37 | Build | Farm |
| 18:39 | Build | Farm |
| 18:44 | Queue | Skirmisher |
| 19:00 | Research | Town Watch |
| 19:05 | Queue | Villager (Male) |
| 19:11 | Queue | Skirmisher |
| 19:15 | Build | Farm |
| 19:17 | Build | Farm |
| 19:34 | Queue | Villager (Male) |
| 19:41 | Build | Farm |
| 19:45 | Queue | Skirmisher |
| 19:46 | Queue | Skirmisher |
| 19:49 | Queue | Archer |
| 19:50 | Queue | Archer |
| 19:51 | Queue | Villager (Male) |
| 20:19 | Build | Stable |
| 20:27 | Build | Market |
| 21:09 | Build | Watch Tower |
| 21:14 | Research | Castle Age |
| 21:22 | Build | House |
| 21:42 | Build | Mining Camp |
| 21:46 | Research | Gold Mining |
| 22:25 | Build | Lumber Camp |
| 22:44 | Research | Bloodlines |
| 22:45 | Research | Scale Barding Armor |
| 23:00 | Build | Stable |
| 23:35 | Queue | Villager (Male) |
| 23:35 | Queue | Villager (Male) |
| 23:54 | Age | Castle Age |
| 24:02 | Build | Town Center |
| 24:03 | Research | Bow Saw |
| 24:06 | Queue | Knight |
| 24:06 | Queue | Knight |
| 24:10 | Queue | Knight |
| 24:10 | Queue | Knight |
| 24:20 | Build | Monastery |
| 24:22 | Queue | Villager (Male) |
| 24:28 | Queue | Villager (Male) |
| 24:30 | Queue | Knight |
Build order — AoE2 ANGEL
First 150 of 221 actions detected
| 0:00 | Queue | Villager (Male) |
| 0:01 | Queue | Villager (Male) |
| 0:02 | Build | House |
| 0:03 | Build | House |
| 0:13 | Queue | Villager (Male) |
| 0:14 | Queue | Villager (Male) |
| 0:14 | Queue | Villager (Male) |
| 1:23 | Queue | Villager (Male) |
| 1:59 | Queue | Villager (Male) |
| 2:18 | Queue | Villager (Male) |
| 2:18 | Queue | Villager (Male) |
| 2:50 | Queue | Villager (Male) |
| 2:50 | Queue | Villager (Male) |
| 2:52 | Build | Lumber Camp |
| 3:16 | Queue | Villager (Male) |
| 3:16 | Queue | Villager (Male) |
| 3:17 | Queue | Villager (Male) |
| 3:48 | Build | House |
| 4:07 | Queue | Villager (Male) |
| 4:09 | Queue | Villager (Male) |
| 4:57 | Queue | Villager (Male) |
| 5:13 | Build | Mill |
| 5:26 | Queue | Villager (Male) |
| 5:31 | Build | Palisade Wall |
| 5:34 | Build | Palisade Wall |
| 5:38 | Build | Palisade Wall |
| 5:42 | Queue | Villager (Male) |
| 5:47 | Queue | Villager (Male) |
| 5:55 | Research | Loom |
| 6:36 | Build | Palisade Wall |
| 6:37 | Build | Palisade Wall |
| 6:38 | Build | Palisade Wall |
| 6:43 | Research | Feudal Age |
| 6:44 | Research | Feudal Age |
| 7:35 | Build | Palisade Wall |
| 7:36 | Build | Palisade Wall |
| 7:44 | Build | Palisade Wall |
| 7:45 | Build | Palisade Wall |
| 7:47 | Build | Palisade Wall |
| 8:23 | Build | Palisade Wall |
| 8:36 | Build | Barracks |
| 8:47 | Build | Palisade Wall |
| 8:50 | Build | Palisade Wall |
| 8:53 | Age | Feudal Age |
| 8:53 | Queue | Villager (Male) |
| 9:15 | Queue | Villager (Male) |
| 9:16 | Research | Double-Bit Axe |
| 9:17 | Research | Horse Collar |
| 9:21 | Build | Farm |
| 9:25 | Build | House |
| 9:27 | Research | Wheelbarrow |
| 9:32 | Research | Town Watch |
| 9:39 | Queue | Villager (Male) |
| 9:47 | Queue | Villager (Male) |
| 10:05 | Queue | Villager (Male) |
| 10:15 | Build | Farm |
| 10:17 | Build | Farm |
| 10:28 | Build | Palisade Wall |
| 10:39 | Build | Farm |
| 10:41 | Build | Farm |
| 10:42 | Queue | Villager (Male) |
| 11:05 | Build | Archery Range |
| 11:13 | Queue | Villager (Male) |
| 11:19 | Build | Farm |
| 11:22 | Build | Farm |
| 11:24 | Build | Farm |
| 11:43 | Build | Farm |
| 11:48 | Build | House |
| 11:50 | Build | Farm |
| 11:51 | Queue | Skirmisher |
| 11:56 | Queue | Villager (Male) |
| 12:07 | Build | House |
| 12:10 | Build | Farm |
| 12:19 | Queue | Villager (Male) |
| 12:29 | Queue | Villager (Male) |
| 12:30 | Queue | Skirmisher |
| 12:40 | Queue | Skirmisher |
| 12:49 | Build | House |
| 12:52 | Queue | Villager (Male) |
| 12:57 | Queue | Villager (Male) |
| 13:02 | Build | House |
| 13:04 | Queue | Villager (Male) |
| 13:09 | Build | Palisade Wall |
| 13:15 | Build | Blacksmith |
| 13:19 | Queue | Villager (Male) |
| 13:19 | Queue | Skirmisher |
| 13:30 | Queue | Skirmisher |
| 13:31 | Queue | Villager (Male) |
| 13:35 | Build | Farm |
| 13:50 | Queue | Villager (Male) |
| 13:50 | Queue | Skirmisher |
| 13:59 | Build | Farm |
| 14:00 | Queue | Villager (Male) |
| 14:04 | Build | House |
| 14:07 | Build | Palisade Wall |
| 14:13 | Build | House |
| 14:15 | Queue | Villager (Male) |
| 14:15 | Queue | Skirmisher |
| 14:22 | Research | Fletching |
| 14:34 | Build | Farm |
| 14:40 | Build | House |
| 14:51 | Queue | Villager (Male) |
| 14:54 | Build | House |
| 15:02 | Queue | Villager (Male) |
| 15:05 | Build | Mining Camp |
| 15:22 | Build | House |
| 15:31 | Queue | Villager (Male) |
| 15:54 | Queue | Skirmisher |
| 16:05 | Queue | Skirmisher |
| 16:05 | Queue | Villager (Male) |
| 16:25 | Queue | Villager (Male) |
| 16:47 | Build | Outpost |
| 16:53 | Queue | Villager (Male) |
| 17:22 | Queue | Skirmisher |
| 17:22 | Research | Castle Age |
| 17:30 | Queue | Skirmisher |
| 17:37 | Queue | Villager (Male) |
| 17:41 | Build | Stable |
| 17:53 | Queue | Skirmisher |
| 18:05 | Research | Gold Mining |
| 18:12 | Build | Farm |
| 18:17 | Build | Farm |
| 18:21 | Build | Farm |
| 18:28 | Research | Scale Barding Armor |
| 18:37 | Queue | Villager (Male) |
| 18:41 | Build | House |
| 18:45 | Build | Farm |
| 18:47 | Build | Farm |
| 19:08 | Research | Bloodlines |
| 19:08 | Research | Bloodlines |
| 19:13 | Build | Stone Wall |
| 19:36 | Research | Wheelbarrow |
| 19:47 | Build | Farm |
| 19:48 | Build | Farm |
| 19:52 | Research | Forging |
| 20:02 | Age | Castle Age |
| 20:04 | Queue | Knight |
| 20:26 | Research | Bow Saw |
| 20:39 | Build | Monastery |
| 20:45 | Queue | Villager (Male) |
| 20:48 | Queue | Knight |
| 21:01 | Queue | Knight |
| 21:12 | Queue | Villager (Male) |
| 21:16 | Build | Stone Wall |
| 21:31 | Queue | Knight |
| 21:34 | Queue | Monk |
| 21:54 | Queue | Knight |
| 21:55 | Queue | Scout Cavalry |
| 21:55 | Queue | Villager (Male) |
| 22:11 | Queue | Knight |
Match timeline
| 2:41 | Wölman · first_building Barracks |
| 3:22 | Wölman · wall_segment Palisade Wall x1 |
| 4:16 | Wölman · wall_segment Palisade Wall x1 |
| 4:52 | Wölman · wall_segment Palisade Wall x3 |
| 5:31 | AoE2 ANGEL · wall_segment Palisade Wall x1 |
| 5:34 | AoE2 ANGEL · wall_segment Palisade Wall x1 |
| 5:38 | AoE2 ANGEL · wall_segment Palisade Wall x1 |
| 5:50 | Wölman · wall_segment Palisade Wall x3 |
| 6:36 | AoE2 ANGEL · wall_segment Palisade Wall x1 |
| 6:37 | AoE2 ANGEL · wall_segment Palisade Wall x1 |
| 6:38 | AoE2 ANGEL · wall_segment Palisade Wall x1 |
| 7:35 | AoE2 ANGEL · wall_segment Palisade Wall x1 |
| 7:36 | AoE2 ANGEL · wall_segment Palisade Wall x1 |
| 7:44 | AoE2 ANGEL · wall_segment Palisade Wall x1 |
| 7:45 | AoE2 ANGEL · wall_segment Palisade Wall x1 |
| 7:47 | AoE2 ANGEL · wall_segment Palisade Wall x1 |
| 8:23 | AoE2 ANGEL · wall_segment Palisade Wall x1 |
| 8:36 | AoE2 ANGEL · first_building Barracks |
| 8:47 | AoE2 ANGEL · wall_segment Palisade Wall x1 |
| 8:50 | AoE2 ANGEL · wall_segment Palisade Wall x1 |
| 8:53 | AoE2 ANGEL · age_up feudal |
| 10:28 | AoE2 ANGEL · wall_segment Palisade Wall x1 |
| 10:38 | Wölman · age_up feudal |
| 10:43 | Wölman · first_building Archery Range |
| 10:50 | Wölman · wall_segment Palisade Wall x2 |
| 11:05 | AoE2 ANGEL · first_building Archery Range |
| 11:26 | Wölman · wall_segment Palisade Wall x6 |
| 12:42 | Wölman · wall_segment Palisade Wall x6 |
| 12:51 | Wölman · wall_segment Palisade Wall x6 |
| 13:09 | AoE2 ANGEL · wall_segment Palisade Wall x1 |
| 13:57 | Wölman · wall_segment Palisade Wall x6 |
| 14:07 | AoE2 ANGEL · wall_segment Palisade Wall x1 |
| 14:30 | Wölman · wall_segment Palisade Wall x1 |
| 14:39 | Wölman · wall_segment Palisade Wall x4 |
| 15:17 | Wölman · wall_segment Palisade Wall x9 |
| 17:41 | AoE2 ANGEL · first_building Stable |
| 19:13 | AoE2 ANGEL · wall_segment Stone Wall x9 |
| 20:02 | AoE2 ANGEL · age_up castle |
| 20:19 | Wölman · first_building Stable |
| 20:39 | AoE2 ANGEL · first_building Monastery |
| 21:16 | AoE2 ANGEL · wall_segment Stone Wall x7 |
| 23:54 | Wölman · age_up castle |
| 24:00 | Wölman · first_market_buy 100 stone |
| 24:20 | Wölman · first_building Monastery |
| 27:42 | Wölman · first_market_sell 100 food |
| 28:04 | Wölman · resign |
[ AI ANALYSIS · 1 CREDIT ]
What really happened in this match?
Wolo.gg analyzes every decision: build order, eco, micro, common mistakes by bracket. Personalized analysis on WhatsApp or Discord in 30 seconds.
Civ guide
Lithuanians
Perfil
Wölman